 Dungeon Crawl Stone Soup version 0.22-a0-414-gacd343e8ff (webtiles) character file.

347 Kriby the Ruffian (level 6, -3/62 HPs)
             Began as a Troll Monk on May 13, 2018.
             Slain by a salamander
             ... wielding a +2 trident of venom
              (11 damage)
             ... on level 1 of the Abyss.
             The game lasted 00:02:15 (2005 turns).

Kriby the Ruffian (Troll Monk)                      Turns: 2005, Time: 00:02:16

Health: -3/62      AC:  5    Str: 22    XL:     6   Next: 32%
Magic:  5/5        EV: 10    Int:  6    God:
Gold:   115        SH:  0    Dex: 12    Spells: 5/5 levels left

rFire    . . .     SeeInvis .     - Unarmed
rCold    . . .     Gourm    +   (no shield)
rNeg     . . .     Faith    .   a - +0 robe
rPois    .         Spirit   .   (helmet restricted)
rElec    .         Reflect  .   (no cloak)
rCorr    .         Harm     .   (gloves unavailable)
MR       .....                  (boots unavailable)
Stlth    ++........             (no amulet)
HPRegen  0.60/turn              (no ring)
MPRegen  0.09/turn              (no ring)

@: lethally poisoned (-3 -> -5)
A: large, unfitting armour, claws 3, fast metabolism 3, gourmand, regeneration
1, shaggy fur 1, tough skin 2
a: no special abilities


You were on level 1 of the Abyss.
You were very full.

You visited 1 branch of the dungeon, and saw 3 of its levels.
You visited the Abyss 1 time.

You collected 115 gold pieces.

Inventory:

Armour
 a - a +0 robe (worn)
Jewellery
 i - an uncursed ring of flight {unknown}
Scrolls
 c - a scroll of enchant weapon {unknown}
 d - 3 scrolls of magic mapping {unknown}
 e - a scroll of identify {unknown}
 f - 2 scrolls of teleportation {unknown}
 g - a scroll of immolation {unknown}
Potions
 h - a potion of curing
 j - a potion of degeneration {unknown}
 k - a potion of haste {unknown}
Comestibles
 b - 4 rations


   Skills:
 + Level 3.9 Fighting
 - Level 2.4 Dodging
 - Level 1.0 Stealth
 * Level 6.1 Unarmed Combat


You had 5 spell levels left.
You didn't know any spells.
Your spell library contained the following spells:

 Spells                   Type           Power        Failure   Level  Hunger
 Cause Fear               Hex            #.........   99%         4    #####..
 Slow                     Hex            #.......     58%         2    ###....
 Corona                   Hex            #......      45%         1    ##.....
 Portal Projectile        Hex/Tloc       #.....       83%         3    ####...
 Leda's Liquefaction      Hex/Erth       #.........   99%         4    #####..
 Inner Flame              Hex/Fire       #.......     83%         3    ####...


Dungeon Overview and Level Annotations

Branches:
Dungeon (3/15)

Altars:
Elyvilon
Uskayaw

Annotations:
D:2 Crazy Yiuf


Innate Abilities, Weirdness & Mutations

You are too large for most types of armour.
You have claws for hands.
Your metabolism is lightning-fast.
You like to eat raw meat.
Your natural rate of healing is unusually fast.
You are covered in fur. (AC +1)
You have very tough skin. (AC +2)


Message History

You now have 115 gold pieces (gained 50).
Found 3 needles of confusion.
You see here 3 needles of confusion.
Found a shiny plate armour.
A guardian serpent comes into view.
A salamander comes into view. It is wielding a trident of venom.
A naga warrior comes into view. It is wielding a halberd of chopping.
The guardian serpent hits you!
The guardian serpent coils itself and performs some mystic snake dance.
The salamander blinks!
The salamander blinks into view!
The dire elephant skeleton blinks!
The salamander hits you from afar with a trident of venom.
You are engulfed in flames!
You are poisoned.
The dire elephant skeleton tramples you!!
Ouch! That really hurt!
* * * LOW HITPOINT WARNING * * *
You feel sick.
The salamander hits you from afar with a trident of venom!
You die...

### ..# #.# .. ###.# ...
###N#'####.# ## #
##...Z......#### # # ..#
#....S@.....#.. . .
#...#####...........#.......
. ................###.......
.. #
......#......##.......#..
##..........(........# . # .
. #....#ยง###........### #.
#.... ..[.....#
#.....##...... . . #... ...#
#................#. .
........# .. ##.' ....... .


You could see a salamander, a guardian serpent and a dire elephant skeleton.

Vanquished Creatures
  The ghost of ciphuk the Vexing, an amateur FeEn (D:3)
  2 orc wizards
  A centaur skeleton (D:2)
  Natasha (D:3)
  A worker ant (D:2)
  3 gnolls (D:2)
  4 adders (D:2)
  An ooze (D:1)
  2 leopard geckos (D:1)
  3 orcs (D:2)
  4 giant cockroaches
  9 goblins
  3 hobgoblins (D:1)
  5 jackals
  4 bats
  4 frilled lizards
  9 kobolds
  2 rats (D:1)
59 creatures vanquished.

Notes
Turn   | Place    | Note
-------+----------+-------------------------------------------
     0 | D:1      | Kriby the Troll Monk began the quest for the Orb.
     0 | D:1      | Reached XP level 1. HP: 22/22 MP: 0/0
    48 | D:1      | Reached XP level 2. HP: 24/29 MP: 1/1
   279 | D:1      | Reached XP level 3. HP: 36/36 MP: 2/2
   855 | D:2      | Reached skill level 4 in Unarmed Combat
   908 | D:2      | Reached XP level 4. HP: 45/45 MP: 3/3
   977 | D:2      | Found a hide-covered altar of Uskayaw.
  1216 | D:3      | Noticed Natasha
  1250 | D:2      | Reached skill level 5 in Unarmed Combat
  1250 | D:2      | Reached XP level 5. HP: 38/53 MP: 4/4
  1287 | D:3      | Killed Natasha
  1301 | D:3      | Noticed ciphuk's ghost (amateur FeEn)
  1322 | D:3      | Killed ciphuk's ghost
  1322 | D:3      | Reached XP level 6. HP: 62/62 MP: 5/5
  1335 | D:2      | Reached skill level 6 in Unarmed Combat
  1568 | D:2      | Found a runed door.
  1591 | D:2      | Found a white marble altar of Elyvilon.
  1893 | D:2      | Noticed Crazy Yiuf
  1948 | D:2      | Cast into level 1 of the Abyss (Crazy Yiuf)
  1997 | Abyss:1  | Noticed a guardian serpent
  1998 | Abyss:1  | Noticed a salamander
  1999 | Abyss:1  | Noticed a naga warrior
  2005 | Abyss:1  | Slain by a salamander

Vault maps used:
D:1:      evilmike_arrival_fibonacci_small
D:2:      old_standard_altar, elyvilon_altar_4, first_ration,
          uniq_crazy_yiuf_cottage
D:3:      kennysheep_vampire_church, minmay_fountain_box, kennysheep_path_1,
          uniq_grinder, uniq_natasha

Skill      XL: |  1  2  3  4  5  6 |
---------------+-------------------+-----
Fighting       | 3 |  3.9
Unarmed Combat | 4 5 6 |  6.1
Dodging        | |  2.4
Stealth        | |  1.0

Action                   |  1- 3 |  4- 6 || total
-------------------------+-------+-------++-------
Melee: Unarmed           |    80 |   114 ||   194
       Punch             |       |     3 ||     3
  Use: Potion            |       |     2 ||     2
 Stab: Sleeping          |       |     2 ||     2
       Invisible         |       |     1 ||     1
  Eat: Chunk             |    11 |    11 ||    22
Armor: Robe              |    23 |    62 ||    85
Dodge: Dodged            |    38 |    94 ||   132

Table legend:
 A = Spawn XP
 B = Non-spawn XP
 C = Spawn XP percentage of total XP
 D = Spawn monster count
 E = Non-spawn monster count
 F = Spawn count percentage of total count
 G = Total turns spent on level
                    A         B        C        D         E        F      G
               +---------+---------+-------+---------+---------+-------+---------
         Total |       0 |     496 |   0.0 |       0 |      59 |   0.0 |  2005
               +---------+---------+-------+---------+---------+-------+---------
           D:1 |       0 |      49 |   0.0 |       0 |      26 |   0.0 |   836
           D:2 |       0 |     239 |   0.0 |       0 |      27 |   0.0 |  1052
           D:3 |       0 |     208 |   0.0 |       0 |       6 |   0.0 |    60
               +---------+---------+-------+---------+---------+-------+---------
